AoeStats
← KK

Hideout

508142258Analyzed
1v1 RM · 12d ago on Sep 21, 2026· 42m 35s· 2 players
Game mode
Random Map
Map size
Tiny (2 player)
Population
200
Speed
Normal
Resources
Standard
Victory
Conquest
Starting age
Dark Age
Ending age
Imperial Age
RankedLock teamsTeams togetherTeam positionsShared explorationLock speedFull tech treeHidden civsTurbo modeCheats
Victory
Defeat
🇻🇳 Bohemians · Vietnam
1759
+12
🇨🇳 Mapuche · China
1675
-12
KK
10:34 Feudal Age
14:29 Castle Age
12:49 Double-Bit Axe
13:12 Horse Collar
15:44 Bow Saw
19:12 Loom
21:55 Gold Mining
26:08 Wheelbarrow
25:58 Town Watch
27:15 Hand Cart
31:51 Imperial Age
29:24 Heavy Plow
29:35 Forging
29:19 Stone Mining
31:45 Gold Shaft Mining
31:46 Iron Casting
32:40 Stone Shaft Mining
32:41 Butalmapu
33:38 Blast Furnace
33:27 Conscription
32:30 Elite Kona
37:32 Scale Mail Armor
37:33 Champi Runner
39:58 Champi Warrior
40:54 Chain Mail Armor
40:54 Elite Champi Warrior
42:45 Plate Mail Armor
Sa Ngộ Tĩnh
11:12 Feudal Age
14:53 Castle Age
12:59 Double-Bit Axe
13:59 Horse Collar
14:20 Fletching
15:46 Crossbowman
18:08 Bodkin Arrow
18:51 Fervor
19:30 Padded Archer Armor
21:10 Wheelbarrow
20:21 Loom
20:58 Town Watch
29:12 Imperial Age
29:06 Chemistry
28:27 Ballistics
29:17 Hand Cart
28:48 Horse Collar
30:19 Conscription
34:02 Masonry
36:52 Architecture
Connection lost

Rejoining the realm…

Still unreachable

The connection could not be restored.

Session expired

The server has moved on; the page needs a fresh start.